 Dungeon Crawl Stone Soup version 0.28-a0-674-gdaf460b524 (webtiles) character file.

Game seed: 1773871327514197722

80 karkarkar the Covered (level 4, -1/40 HPs)
             Began as a Minotaur Fighter on Oct 17, 2021.
             Succumbed to Sigmund's poison
             ... on level 2 of the Dungeon.
             The game lasted 00:03:23 (1253 turns).

karkarkar the Covered (Minotaur Fighter)            Turns: 1253, Time: 00:03:24

Health: -1/40      AC:  7    Str: 28    XL:     4   Next: 18%
Magic:  3/3        EV: 10    Int:  5    God:
Gold:   51         SH:  4    Dex:  9    Spells: 3/3 levels left

rFire   . . .      SeeInvis .   a - +0 war axe
rCold   . . .      Faith    .   c - +0 buckler
rNeg    . . .      Spirit   .   b - +0 scale mail
rPois   .          Reflect  .   (helmet restricted)
rElec   .          Harm     .   (no cloak)
rCorr   .          Rampage  .   (no gloves)
Will    .....                   (no boots)
Stlth   ..........              (no amulet)
HPRegen 0.13/turn               k - ring of flight
MPRegen 0.08/turn               f - +6 ring of strength

@: lethally poisoned (-1 -> -6), flying
A: horns 2, retaliatory headbutt
a: no special abilities


You were on level 2 of the Dungeon.
You visited 1 branch of the dungeon, and saw 2 of its levels.

You collected 51 gold pieces.

Inventory:

Hand Weapons
 a - a +0 war axe (weapon)
Armour
 b - a +0 scale mail (worn)
 c - a +0 buckler (worn)
Jewellery
 f - a +6 ring of strength (right hand)
 k - a ring of flight (left hand)
Wands
 j - a wand of flame (14) (quivered)
 m - a wand of iceblast (5)
Scrolls
 g - a scroll of noise {unknown}
 h - a scroll of silence {unknown}
 i - a scroll of identify {unknown}
 l - a scroll of enchant weapon {unknown}
Potions
 d - 2 potions of might


   Skills:
 + Level 4.2 Fighting
 + Level 3.6 Axes
 + Level 4.6 Armour
 + Level 0.2 Dodging
 - Level 4.0 Shields


You had 3 spell levels left.
You didn't know any spells.
Your spell library contained the following spells:

 Spells                   Type           Power      Damage    Failure   Level
 Dazzling Flash           Conj/Hex       0%         N/A       97%         3
 Frozen Ramparts          Ice            0%         1d2       97%         3
 Fulminant Prism          Conj/Hex       0%         3d6       100%        4
 Ice Form                 Ice/Tmut       0%         N/A       100%        4
 Leda's Liquefaction      Hex/Erth       0%         N/A       100%        4
 Summon Ice Beast         Ice/Summ       0%         N/A       100%        4


Dungeon Overview and Level Annotations

Branches:
Dungeon (2/15)

Altars:

Annotations:
D:2 Sigmund


Innate Abilities, Weirdness & Mutations

You have a pair of horns on your head.
You reflexively headbutt those who attack you in melee.


Message History

The mass of ice explodes!
The iceblast engulfs Sigmund!
Sigmund is heavily wounded.
Sigmund shouts!
Sigmund casts a spell.
Sigmund flickers and vanishes!
Deactivating autopickup; reactivate with Ctrl-A.
Aiming: Iceblast
Press: ? - help, Q - select action, (/) - cycle Shift-Dir - straight line The mass of ice explodes!
You are confused.
You are too confused!
You're too confused to move!
Something hits you!
You are poisoned.
You are too confused!
It was a potion of curing.
You feel better.
You barely miss something. Something hits you!
You are poisoned.
You barely miss something.
You feel sick.
You hear some strange, mumbled words.
You are confused.
You feel sick.
You hear some strange, mumbled words.
A magic dart appears from out of thin air!
The magic dart hits you.
You feel sick. Something hits you.
You feel sick. Something hits you.
* * * LOW HITPOINT WARNING * * *
You are lethally poisoned!
* * * LOW HITPOINT WARNING * * *
You feel very sick.
* * * LOW HITPOINT WARNING * * *
You feel sick.
You see here 17 stones.
You feel less confused.
* * * LOW HITPOINT WARNING * * *
You feel sick. Something hits you.
* * * LOW HITPOINT WARNING * * *
You barely miss something.
You die...

# .# .##
#########..#
###........#.####
.........(.......
#......@.##.###
#......{.# .(
#...$....# #.##
#...(....# #..#
#......†.####.##
#.......)).....#
#########......#
#......#
#......#####


There were no monsters in sight!

Vanquished Creatures
  Jessica (D:2)
  An adder (D:2)
  A worm (D:2)
  An orc (D:2)
  2 ball pythons (D:2)
  4 endoplasms
  2 giant cockroaches (D:1)
  4 goblins
  6 hobgoblins (D:1)
  4 jackals (D:1)
  5 bats
  2 frilled lizards (D:1)
  6 kobolds
  A rat (D:1)
40 creatures vanquished.

Notes
Turn   | Place    | Note
-------+----------+-------------------------------------------
     0 | D:1      | karkarkar the Minotaur Fighter began the quest for the Orb.
     0 | D:1      | Reached XP level 1. HP: 19/19 MP: 0/0
    97 | D:1      | Reached XP level 2. HP: 25/27 MP: 1/1
   369 | D:1      | Got the Tome of Enchantment
   824 | D:1      | Reached XP level 3. HP: 33/33 MP: 2/2
   868 | D:2      | Noticed Jessica
   875 | D:2      | Killed Jessica
  1128 | D:2      | Reached XP level 4. HP: 40/40 MP: 3/3
  1236 | D:2      | Noticed Sigmund
  1252 | D:2      | HP: 2/40 [poisoned by Sigmund]
  1253 | D:2      | Succumbed to Sigmund's poison

Illustrated notes

Levels and vault maps discovered:
D:1:      dpeg_arrival_round_b, layout_loops_ring,
          chequers_serial_rivers_small_a
D:2:      layout_basic, uniq_jessica, uniq_robin, uniq_sigmund

Skill      XL: |  1  2  3 |
---------------+----------+-----
Armour         | 4 |  4.6
Fighting       | 4 |  4.2
Shields        | 4 |  4.0
Axes           | 3 |  3.6
Dodging        | |  0.2

Action                   |  1- 3 |  4- 6 || total
-------------------------+-------+-------++-------
Melee: War axe           |    70 |    15 ||    85
       Headbutt          |    16 |     3 ||    19
Evoke: Wand              |       |     2 ||     2
  Use: Potion            |       |     1 ||     1
Armor: Scale mail        |    38 |    11 ||    49
Dodge: Dodged            |    33 |     5 ||    38
Block: Buckler           |    18 |     2 ||    20

Table legend: (Time is in decaauts)
 A = Elapsed time spent in this place.
 B = Non-inter-level travel time spent in this place.
 C = Inter-level travel time spent in this place.
 D = Time resting spent in this place.
 E = Time spent auto-exploring this place.
 F = Levels seen in this place.
 G = Mean time per level.
                   A        B        C        D        E       F      G
               +--------+--------+--------+--------+--------+-----+--------+
         Total |   1290 |   1254 |     36 |    100 |    897 |   2 |  645.0 |
       Dungeon |   1290 |   1254 |     36 |    100 |    897 |   2 |  645.0 |
               +--------+--------+--------+--------+--------+-----+--------+

Top non-repeatable levels by time:
     D:1: 892 daAuts
     D:2: 398 daAuts
